 Dungeon Crawl Stone Soup version 0.30.1-4-g462c640d31 (webtiles) character file.

Game seed: 15915346773852998794

252 arthad the Trooper (level 6, -3/67 HPs)
             Began as an Ogre Berserker on Aug 24, 2023.
             Was a Priest of Trog.
             Splashed by a jelly's acid (5 damage)
             ... on level 4 of the Dungeon.
             The game lasted 00:06:01 (3883 turns).

arthad the Trooper (Ogre Berserker)                 Turns: 3883, Time: 00:06:01

Health: -3/67      AC: -17   Str: 24    XL:     6   Next: 14%
Magic:  6/6        EV: 10    Int:  8    God:    Trog [***...]
Gold:   107        SH:  0    Dex:  8    Spells: 5/5 levels left

rFire   . . .        a - +0 hand axe
rCold   . . .        (no shield)
rNeg    . . .        b - +0 animal skin
rPois   .            (helmet restricted)
rElec   .            (no cloak)
rCorr   .            (gloves unavailable)
SInv    .            (boots unavailable)
Will    .....        (no amulet)
Stlth   +            g - ring of flight
HPRegen 0.31/turn    (no ring)
MPRegen 0.10/turn

%: no passive effects
@: brilliant, corroded, flying
A: large, unfitting armour, tough skin 1
a: Renounce Religion, Berserk, Trog's Hand


You were on level 4 of the Dungeon.
You worshipped Trog.
Trog was most pleased with you.
You visited 1 branch of the dungeon, and saw 4 of its levels.
You also visited: Sewer.

You collected 107 gold pieces.

Inventory:

Hand Weapons
 a - a +0 hand axe (weapon)
Missiles
 i - 17 poisoned darts (quivered)
 k - a curare-tipped dart
Armour
 b - a +0 animal skin (worn)
Jewellery
 g - a ring of flight (left hand)
Wands
 x - a wand of polymorph (7)
Scrolls
 c - a scroll of silence {unknown}
 d - a scroll of enchant weapon
 e - 2 scrolls of amnesia
 f - 2 scrolls of immolation
 h - 2 scrolls of poison
 j - 2 scrolls of noise
 n - a scroll of butterflies {unknown}
 r - a scroll of blinking {unknown}
 u - a scroll of magic mapping {unknown}
 w - a scroll of teleportation {unknown}
Potions
 l - a potion of berserk rage
 m - a potion of brilliance
 o - 2 potions of lignification {unknown}
 p - a potion of cancellation {unknown}
 q - a potion of resistance {unknown}
 s - 2 potions of mutation {unknown}
 t - a potion of ambrosia {unknown}
 v - a potion of flight {unknown}
 z - a potion of might {unknown}


   Skills:
 + Level 6.0 Fighting
 + Level 4.5 Axes
 + Level 4.1 Dodging


You had 5 spell levels left.
You didn't know any spells.
Your spell library was empty.

Dungeon Overview and Level Annotations

Branches:
Dungeon (4/15)              Sewer (visited)
 Temple: D:4-7

Altars:
Ashenzari
Gozag
Trog
Wu Jian

Shops:
D:2 =


Innate Abilities, Weirdness & Mutations

You are too large for most types of armour.
You have tough skin. (AC +1)


Message History

You hit the jelly.
Your hands burn!
The jelly is severely wounded.
The jelly hits you. The acid corrodes you!
You are splashed with acid!
You hit the jelly.
Your hands burn!
The jelly is almost dead.
The jelly barely misses you.
You hit the jelly but do no damage. The acid corrodes you!
Your hands burn!
The jelly is almost dead.
The jelly hits you.
You are splashed with acid!
You are too injured to fight recklessly!
You are too injured to fight recklessly!
You are too injured to fight recklessly!
You are too injured to fight recklessly!
You are too injured to fight recklessly!
You are too injured to fight recklessly!
You are too injured to fight recklessly!
You are too injured to fight recklessly!
You are too injured to fight recklessly!
You are too injured to fight recklessly!
You are too injured to fight recklessly!
You are too injured to fight recklessly!
You are too injured to fight recklessly!
You hit the jelly but do no damage.
Your hands burn!
* * * LOW HITPOINT WARNING * * *
The jelly is almost dead.
The jelly hits you.
* * * LOW HITPOINT WARNING * * *
The acid corrodes you!
You are splashed with acid!
* * * LOW HITPOINT WARNING * * *
You hit the jelly but do no damage.
Your hands burn!
* * * LOW HITPOINT WARNING * * *
The jelly is almost dead.
The jelly jiggles.
The jelly closely misses you.
It was a potion of brilliance.
You feel clever all of a sudden. The jelly barely misses you.
The jelly jiggles.
You hit the jelly. The acid corrodes you!
Your hands burn!
You die...

#...##...####
#...........#
#......<....#
##..........#
##..††..########
#.##..........#
#.##.....## #.#
#.###.#..####.#####..#
#.....#......@J......#
###.#.#.##.##.###.##.#
#.#.#.##.##.#
#.#.#.......#
#.#.####.####
#.#......# #.########
#.. ###


You could see a jelly.

Vanquished Creatures
  A kobold brigand (Sewer)
  An iguana (D:4)
  5 adders
  3 river rats
  6 worms
  An orc (D:3)
  5 endoplasms
  4 giant cockroaches (D:3)
  9 goblins
  4 hobgoblins
  A quokka (D:3)
  13 ball pythons
  A bat (D:1)
  5 frilled lizards
  12 kobolds
  9 rats
80 creatures vanquished.

Notes
Turn   | Place    | Note
-------+----------+-------------------------------------------
     0 | D:1      | arthad the Ogre Berserker began the quest for the Orb.
     0 | D:1      | Reached XP level 1. HP: 24/24 MP: 1/1
   159 | D:1      | Reached XP level 2. HP: 32/32 MP: 2/2
   170 | D:1      | Found a faded altar of an unknown god.
   993 | D:2      | Found Soblumesk's Jewellery Shoppe.
  1265 | D:2      | Reached XP level 3. HP: 40/40 MP: 3/3
  2136 | D:3      | Reached XP level 4. HP: 49/49 MP: 4/4
  2147 | D:3      | Reached skill level 5 in Fighting
  2160 | D:3      | Found a glowing drain.
  2171 | D:3      | Reached ** piety under Trog
  2211 | Sewer    | Entered a sewer
  2541 | Sewer    | Reached XP level 5. HP: 27/57 MP: 5/5
  2687 | Sewer    | Noticed a kobold brigand
  2707 | Sewer    | Killed a kobold brigand
  2986 | D:3      | Found an opulent altar of Gozag.
  2993 | D:3      | Found a bloodstained altar of Trog.
  2993 | D:3      | Found an ornate altar of the Wu Jian Council.
  2994 | D:3      | Found a broken altar of Ashenzari.
  3533 | D:4      | Reached *** piety under Trog
  3534 | D:4      | Reached XP level 6. HP: 9/67 MP: 6/6
  3790 | D:4      | Reached skill level 6 in Fighting
  3880 | D:4      | HP: 1/67 [acid (5)]
  3883 | D:4      | Splashed by a jelly's acid

Illustrated notes

Levels and vault maps discovered:
D:1:      pf_arrival_petrified_forest, layout_basic,
          nicolae_ecumenical_snake_handling
D:2:      layout_loops_cross, serial_shops, shop
D:3:      layout_basic, minitemple, portal_sewer_entry_a
D:4:      layout_loops_ring

Skill      XL: |  1  2  3  4  5  6 |
---------------+-------------------+-----
Dodging        | 3 4 |  4.1
Fighting       | 5 6 |  6.0
Axes           | 4 |  4.5

Action                     |  1- 3 |  4- 6 || total
---------------------------+-------+-------++-------
  Melee: Hand axe          |   114 |   230 ||   344
         Punch             |     1 |     2 ||     3
  Throw: Dart              |    17 |       ||    17
 Invoke: Berserk           |     1 |       ||     1
    Use: Scroll            |     6 |       ||     6
         Potion            |       |     4 ||     4
 Armour: Animal skin       |    24 |    49 ||    73
  Dodge: Dodged            |    55 |    99 ||   154
